 Dungeon Crawl Stone Soup version 0.29.1-1-gd02db6906a (webtiles) character file.

Game seed: 433067552351308899

7 Senryu the Gusty (level 1, -1/14 HPs)
             Began as a Draconian Air Elementalist on Oct 1, 2022.
             Slain by an orc
             ... wielding a +0 hand axe
              (6 damage)
             ... on level 2 of the Dungeon.
             The game lasted 00:02:21 (354 turns).

Senryu the Gusty (Draconian Air Elementalist)        Turns: 354, Time: 00:02:22

Health: -1/14      AC:  4    Str: 10    XL:     1   Next: 91%
Magic:  0/3        EV: 12    Int: 15    God:
Gold:   0          SH:  0    Dex: 11    Spells: 3/4 levels left

rFire   . . .      SeeInvis .   (no weapon)
rCold   . . .      Faith    .   (no shield)
rNeg    . . .      Spirit   .   (body armour unavailable)
rPois   .          Reflect  .   (helmet restricted)
rElec   .          Harm     .   (no cloak)
rCorr   .          Rampage  .   (no gloves)
Will    .....                   (no boots)
Stlth   ++........              (no amulet)
HPRegen 0.04/turn               (no ring)
MPRegen 0.08/turn               (no ring)

@: no status effects
A: AC +4, unfitting armour, cold-blooded
a: no special abilities


You were on level 2 of the Dungeon.
You visited 1 branch of the dungeon, and saw 3 of its levels.

Inventory:

Scrolls
 b - a scroll of identify


   Skills:
 * Level 1.9 Dodging
 * Level 1.7 Stealth
 * Level 2.0 Spellcasting
 * Level 1.0 Conjurations
 * Level 3.3 Air Magic


You had 3 spell levels left.
You knew the following spells:

 Your Spells              Type           Power      Damage    Failure   Level
a - Shock                 Conj/Air       32%        1d5       9%          1

Your spell library contained the following spells:

 Spells                   Type           Power      Damage    Failure   Level
 Static Discharge         Conj/Air       8%         3-4/arc   14%         2
 Swiftness                Air            11%        N/A       17%         3
 Ozocubu's Armour         Ice            1%         N/A       54%         3
 Airstrike                Air            5%         2d(1-17)  50%         4
 Ozocubu's Refrigeration  Ice            0%         4d7       100%        7


Dungeon Overview and Level Annotations

Branches:
Dungeon (3/15)

Altars:


Innate Abilities, Weirdness & Mutations

Your plain brown scales are hard. (AC +4)
You cannot fit into any form of body armour.
You are cold-blooded and may be slowed by cold attacks.


Message History

Nothing appears to happen.
The dart slug bites you. The dart slug misses you.
The dart slug launches a dart at you. The slug dart misses you.
Your magical contamination has completely faded away.
The orc misses you. The dart slug launches a dart at you.
The slug dart hits you but does no damage.
The orc hits you with a +0 hand axe.
There is a stone staircase leading up here.
Aiming: Shock (safe; 9% risk of failure)
Press: ? - help, Q - select action Shift-Dir - straight line, f - orc, p - dart slug
Aim: an orc, wielding a +0 hand axe (68% to hit)
The zap misses the orc.
The orc hits you with a +0 hand axe.
Unknown command.
The orc hits you with a +0 hand axe.
You climb upwards.
There is a stone staircase leading down here.
You aren't carrying any potions.
The orc attacks as you move away! The orc closely misses you.
The orc attacks as you move away! The orc completely misses you.
The orc attacks as you move away! The orc closely misses you.
The orc attacks as you move away! The orc hits you with a +0 hand axe.
* * * LOW HITPOINT WARNING * * *
The orc attacks as you move away! The orc barely misses you.
Found a stone staircase leading down.
Aiming: Shock (safe; 9% risk of failure)
Press: ? - help, Q - select action Shift-Dir - straight line, f - orc
Aim: an orc, wielding a +0 hand axe (68% to hit)
The zap hits the orc.
The orc is lightly wounded.
The orc closely misses you. The orc attacks as you move away!
The orc closely misses you. The orc attacks as you move away!
The orc hits you but does no damage. The orc attacks as you move away!
The orc hits you but does no damage.
There is a stone staircase leading down here.
The orc attacks as you move away! The orc hits you with a +0 hand axe.
You die...

############.
######.>.......<..
#.........########
#.#######.# #.#
#.# #.# #.# #o#
#.# #@# #.# #.#
#.. #.# #.. ###


You could see an orc.

Vanquished Creatures
  An endoplasm (D:1)
  2 goblins (D:1)
  A hobgoblin (D:1)
  A quokka (D:1)
  A rat (D:1)
6 creatures vanquished.

Notes
Turn   | Place    | Note
-------+----------+-------------------------------------------
     0 | D:1      | Senryu the Draconian Air Elementalist began the quest for
                  | the Orb.
     0 | D:1      | Reached XP level 1. HP: 14/14 MP: 3/3
     2 | D:1      | Noticed a vine stalker
     2 | D:1      | Noticed a naga
     4 | D:1      | Noticed a demigod
     4 | D:1      | Noticed an octopode
     6 | D:1      | Noticed an elf
    10 | D:1      | Noticed a minotaur
    10 | D:1      | Noticed an ogre
    12 | D:1      | Noticed a gargoyle
    12 | D:1      | Noticed a formicid
    14 | D:1      | Noticed a tengu
    14 | D:1      | Noticed a draconian
    16 | D:1      | Noticed a ghoul
    19 | D:1      | Noticed a spriggan
    19 | D:1      | Noticed a palentonga
    23 | D:1      | Noticed a demonspawn
    25 | D:1      | Noticed a meteoran
    25 | D:1      | Noticed a merfolk
    27 | D:1      | Noticed a human
    27 | D:1      | Noticed a vampire
    29 | D:1      | Noticed a troll
    29 | D:1      | Noticed a felid
    31 | D:1      | Noticed an ogre
    31 | D:1      | Noticed a troll
   354 | D:2      | Slain by an orc

Illustrated notes

Levels and vault maps discovered:
D:1:      kb_arrival_jail, layout_basic
D:2:      layout_loops_ring, nicolae_ecumenical_snake_handling, uniq_natasha
D:3:      layout_basic, minmay_pentangle

Action                   || total
-------------------------++-------
 Cast: Shock             ||    19
  Use: Scroll            ||     2
       Potion            ||     2
Armor: Skin              ||     8
Dodge: Dodged            ||    18
